%YAML 1.1
%TAG !u! tag:unity3d.com,2011:
--- !u!29 &1
OcclusionCullingSettings:
  m_ObjectHideFlags: 0
  serializedVersion: 2
  m_OcclusionBakeSettings:
    smallestOccluder: 5
    smallestHole: 0.25
    backfaceThreshold: 100
  m_SceneGUID: 00000000000000000000000000000000
  m_OcclusionCullingData: {fileID: 0}
--- !u!104 &2
RenderSettings:
  m_ObjectHideFlags: 0
  serializedVersion: 7
  m_Fog: 0
  m_FogColor: {r: 0.5, g: 0.5, b: 0.5, a: 1}
  m_FogMode: 3
  m_FogDensity: 0.01
  m_LinearFogStart: 0
  m_LinearFogEnd: 300
  m_AmbientSkyColor: {r: 0.212, g: 0.227, b: 0.259, a: 1}
  m_AmbientEquatorColor: {r: 0.114, g: 0.125, b: 0.133, a: 1}
  m_AmbientGroundColor: {r: 0.047, g: 0.043, b: 0.035, a: 1}
  m_AmbientIntensity: 1
  m_AmbientMode: 0
  m_SkyboxMaterial: {fileID: 10304, guid: 0000000000000000f000000000000000, type: 0}
  m_HaloStrength: 0.5
  m_FlareStrength: 1
  m_FlareFadeSpeed: 3
  m_HaloTexture: {fileID: 0}
  m_SpotCookie: {fileID: 10001, guid: 0000000000000000e000000000000000, type: 0}
  m_DefaultReflectionMode: 0
  m_DefaultReflectionResolution: 128
  m_ReflectionBounces: 1
  m_ReflectionIntensity: 1
  m_CustomReflection: {fileID: 0}
  m_Sun: {fileID: 0}
  m_IndirectSpecularColor: {r: 0.44657934, g: 0.4964131, b: 0.5748188, a: 1}
--- !u!157 &3
LightmapSettings:
  m_ObjectHideFlags: 0
  serializedVersion: 7
  m_GIWorkflowMode: 0
  m_GISettings:
    serializedVersion: 2
    m_BounceScale: 1
    m_IndirectOutputScale: 1
    m_AlbedoBoost: 1
    m_TemporalCoherenceThreshold: 1
    m_EnvironmentLightingMode: 0
    m_EnableBakedLightmaps: 1
    m_EnableRealtimeLightmaps: 1
  m_LightmapEditorSettings:
    serializedVersion: 4
    m_Resolution: 2
    m_BakeResolution: 40
    m_TextureWidth: 1024
    m_TextureHeight: 1024
    m_AO: 0
    m_AOMaxDistance: 1
    m_CompAOExponent: 1
    m_CompAOExponentDirect: 0
    m_Padding: 2
    m_LightmapParameters: {fileID: 0}
    m_LightmapsBakeMode: 1
    m_TextureCompression: 1
    m_DirectLightInLightProbes: 1
    m_FinalGather: 0
    m_FinalGatherFiltering: 1
    m_FinalGatherRayCount: 256
    m_ReflectionCompression: 2
  m_LightingDataAsset: {fileID: 0}
  m_RuntimeCPUUsage: 25
--- !u!196 &4
NavMeshSettings:
  serializedVersion: 2
  m_ObjectHideFlags: 0
  m_BuildSettings:
    serializedVersion: 2
    agentTypeID: 0
    agentRadius: 0.5
    agentHeight: 2
    agentSlope: 45
    agentClimb: 0.4
    ledgeDropHeight: 0
    maxJumpAcrossDistance: 0
    minRegionArea: 2
    manualCellSize: 0
    cellSize: 0.16666667
    accuratePlacement: 0
  m_NavMeshData: {fileID: 23800000, guid: 435af7925e01a9a4db427cc18bf90e70, type: 2}
--- !u!1 &62859540 stripped
GameObject:
  m_PrefabParentObject: {fileID: 1358692079368126, guid: 1e2dffae741e5a848aa7589ae311983c,
    type: 2}
  m_PrefabInternal: {fileID: 1160796522}
--- !u!4 &62859541 stripped
Transform:
  m_PrefabParentObject: {fileID: 4674462042904594, guid: 1e2dffae741e5a848aa7589ae311983c,
    type: 2}
  m_PrefabInternal: {fileID: 1160796522}
--- !u!65 &62859542
BoxCollider:
  m_ObjectHideFlags: 0
  m_PrefabParentObject: {fileID: 0}
  m_PrefabInternal: {fileID: 0}
  m_GameObject: {fileID: 62859540}
  m_Material: {fileID: 0}
  m_IsTrigger: 0
  m_Enabled: 1
  serializedVersion: 2
  m_Size: {x: 2, y: 2, z: 2}
  m_Center: {x: 0, y: 1, z: 0}
--- !u!1001 &68774850
Prefab:
  m_ObjectHideFlags: 0
  serializedVersion: 2
  m_Modification:
    m_TransformParent: {fileID: 1300548887}
    m_Modifications:
    - target: {fileID: 4674462042904594, guid: 1e2dffae741e5a848aa7589ae311983c, type: 2}
      propertyPath: m_LocalPosition.x
      value: -8
      objectReference: {fileID: 0}
    - target: {fileID: 4674462042904594, guid: 1e2dffae741e5a848aa7589ae311983c, type: 2}
      propertyPath: m_LocalPosition.y
      value: 0
      objectReference: {fileID: 0}
    - target: {fileID: 4674462042904594, guid: 1e2dffae741e5a848aa7589ae311983c, type: 2}
      propertyPath: m_LocalPosition.z
      value: -2
      objectReference: {fileID: 0}
    - target: {fileID: 4674462042904594, guid: 1e2dffae741e5a848aa7589ae311983c, type: 2}
      propertyPath: m_LocalRotation.x
      value: -0
      objectReference: {fileID: 0}
    - target: {fileID: 4674462042904594, guid: 1e2dffae741e5a848aa7589ae311983c, type: 2}
      propertyPath: m_LocalRotation.y
      value: -0
      objectReference: {fileID: 0}
    - target: {fileID: 4674462042904594, guid: 1e2dffae741e5a848aa7589ae311983c, type: 2}
      propertyPath: m_LocalRotation.z
      value: -0
      objectReference: {fileID: 0}
    - target: {fileID: 4674462042904594, guid: 1e2dffae741e5a848aa7589ae311983c, type: 2}
      propertyPath: m_LocalRotation.w
      value: 1
      objectReference: {fileID: 0}
    - target: {fileID: 4674462042904594, guid: 1e2dffae741e5a848aa7589ae311983c, type: 2}
      propertyPath: m_RootOrder
      value: 3
      objectReference: {fileID: 0}
    - target: {fileID: 4674462042904594, guid: 1e2dffae741e5a848aa7589ae311983c, type: 2}
      propertyPath: m_LocalScale.x
      value: 1
      objectReference: {fileID: 0}
    - target: {fileID: 4674462042904594, guid: 1e2dffae741e5a848aa7589ae311983c, type: 2}
      propertyPath: m_LocalScale.y
      value: 1
      objectReference: {fileID: 0}
    - target: {fileID: 4674462042904594, guid: 1e2dffae741e5a848aa7589ae311983c, type: 2}
      propertyPath: m_LocalScale.z
      value: 1
      objectReference: {fileID: 0}
    - target: {fileID: 23353930641592704, guid: 1e2dffae741e5a848aa7589ae311983c,
        type: 2}
      propertyPath: m_Materials.Array.data[0]
      value: 
      objectReference: {fileID: 2100000, guid: d47c41e138d51f2488f13069b33d7b95, type: 2}
    - target: {fileID: 1358692079368126, guid: 1e2dffae741e5a848aa7589ae311983c, type: 2}
      propertyPath: m_TagString
      value: Obstacle
      objectReference: {fileID: 0}
    - target: {fileID: 1358692079368126, guid: 1e2dffae741e5a848aa7589ae311983c, type: 2}
      propertyPath: m_Name
      value: Wall (6)
      objectReference: {fileID: 0}
    m_RemovedComponents:
    - {fileID: 65431308268999482, guid: 1e2dffae741e5a848aa7589ae311983c, type: 2}
  m_ParentPrefab: {fileID: 100100000, guid: 1e2dffae741e5a848aa7589ae311983c, type: 2}
  m_IsPrefabParent: 0
--- !u!4 &133041295 stripped
Transform:
  m_PrefabParentObject: {fileID: 4700288435605990, guid: 1a4aa0a3f7b70dd419f8c8a85524a19e,
    type: 2}
  m_PrefabInternal: {fileID: 1295046503}
--- !u!1001 &245171784
Prefab:
  m_ObjectHideFlags: 0
  serializedVersion: 2
  m_Modification:
    m_TransformParent: {fileID: 0}
    m_Modifications:
    - target: {fileID: 4658296455244822, guid: 8453ba571650f0f479d9e3586d1f6489, type: 2}
      propertyPath: m_LocalPosition.x
      value: 6.66
      objectReference: {fileID: 0}
    - target: {fileID: 4658296455244822, guid: 8453ba571650f0f479d9e3586d1f6489, type: 2}
      propertyPath: m_LocalPosition.y
      value: 8.13
      objectReference: {fileID: 0}
    - target: {fileID: 4658296455244822, guid: 8453ba571650f0f479d9e3586d1f6489, type: 2}
      propertyPath: m_LocalPosition.z
      value: -8.31
      objectReference: {fileID: 0}
    - target: {fileID: 4658296455244822, guid: 8453ba571650f0f479d9e3586d1f6489, type: 2}
      propertyPath: m_LocalRotation.x
      value: 0.39044842
      objectReference: {fileID: 0}
    - target: {fileID: 4658296455244822, guid: 8453ba571650f0f479d9e3586d1f6489, type: 2}
      propertyPath: m_LocalRotation.y
      value: -0.34682873
      objectReference: {fileID: 0}
    - target: {fileID: 4658296455244822, guid: 8453ba571650f0f479d9e3586d1f6489, type: 2}
      propertyPath: m_LocalRotation.z
      value: 0.16172884
      objectReference: {fileID: 0}
    - target: {fileID: 4658296455244822, guid: 8453ba571650f0f479d9e3586d1f6489, type: 2}
      propertyPath: m_LocalRotation.w
      value: 0.8373193
      objectReference: {fileID: 0}
    - target: {fileID: 4658296455244822, guid: 8453ba571650f0f479d9e3586d1f6489, type: 2}
      propertyPath: m_RootOrder
      value: 1
      objectReference: {fileID: 0}
    m_RemovedComponents: []
  m_ParentPrefab: {fileID: 100100000, guid: 8453ba571650f0f479d9e3586d1f6489, type: 2}
  m_IsPrefabParent: 0
--- !u!1001 &257018248
Prefab:
  m_ObjectHideFlags: 0
  serializedVersion: 2
  m_Modification:
    m_TransformParent: {fileID: 0}
    m_Modifications:
    - target: {fileID: 23745536741493294, guid: 7b2b4eda0a66df54e9274cb8fcc55f6d,
        type: 2}
      propertyPath: m_Materials.Array.size
      value: 2
      objectReference: {fileID: 0}
    - target: {fileID: 4266947239747300, guid: 7b2b4eda0a66df54e9274cb8fcc55f6d, type: 2}
      propertyPath: m_LocalPosition.x
      value: 0
      objectReference: {fileID: 0}
    - target: {fileID: 4266947239747300, guid: 7b2b4eda0a66df54e9274cb8fcc55f6d, type: 2}
      propertyPath: m_LocalPosition.y
      value: 0.6
      objectReference: {fileID: 0}
    - target: {fileID: 4266947239747300, guid: 7b2b4eda0a66df54e9274cb8fcc55f6d, type: 2}
      propertyPath: m_LocalPosition.z
      value: 0
      objectReference: {fileID: 0}
    - target: {fileID: 4266947239747300, guid: 7b2b4eda0a66df54e9274cb8fcc55f6d, type: 2}
      propertyPath: m_LocalRotation.x
      value: 0
      objectReference: {fileID: 0}
    - target: {fileID: 4266947239747300, guid: 7b2b4eda0a66df54e9274cb8fcc55f6d, type: 2}
      propertyPath: m_LocalRotation.y
      value: 0
      objectReference: {fileID: 0}
    - target: {fileID: 4266947239747300, guid: 7b2b4eda0a66df54e9274cb8fcc55f6d, type: 2}
      propertyPath: m_LocalRotation.z
      value: 0
      objectReference: {fileID: 0}
    - target: {fileID: 4266947239747300, guid: 7b2b4eda0a66df54e9274cb8fcc55f6d, type: 2}
      propertyPath: m_LocalRotation.w
      value: 1
      objectReference: {fileID: 0}
    - target: {fileID: 4266947239747300, guid: 7b2b4eda0a66df54e9274cb8fcc55f6d, type: 2}
      propertyPath: m_RootOrder
      value: 2
      objectReference: {fileID: 0}
    - target: {fileID: 54179468906408976, guid: 7b2b4eda0a66df54e9274cb8fcc55f6d,
        type: 2}
      propertyPath: m_CollisionDetection
      value: 0
      objectReference: {fileID: 0}
    - target: {fileID: 23745536741493294, guid: 7b2b4eda0a66df54e9274cb8fcc55f6d,
        type: 2}
      propertyPath: m_Materials.Array.data[0]
      value: 
      objectReference: {fileID: 2100000, guid: 6ef955c2a5ec4d54898ca52c3c94eac0, type: 2}
    - target: {fileID: 54179468906408976, guid: 7b2b4eda0a66df54e9274cb8fcc55f6d,
        type: 2}
      propertyPath: m_Drag
      value: 1
      objectReference: {fileID: 0}
    - target: {fileID: 54179468906408976, guid: 7b2b4eda0a66df54e9274cb8fcc55f6d,
        type: 2}
      propertyPath: m_Constraints
      value: 126
      objectReference: {fileID: 0}
    - target: {fileID: 23745536741493294, guid: 7b2b4eda0a66df54e9274cb8fcc55f6d,
        type: 2}
      propertyPath: m_Enabled
      value: 1
      objectReference: {fileID: 0}
    - target: {fileID: 33553155964647378, guid: 7b2b4eda0a66df54e9274cb8fcc55f6d,
        type: 2}
      propertyPath: m_Mesh
      value: 
      objectReference: {fileID: 4300000, guid: 03a233d58ffbbf144b1e7bec834d591d, type: 3}
    - target: {fileID: 23745536741493294, guid: 7b2b4eda0a66df54e9274cb8fcc55f6d,
        type: 2}
      propertyPath: m_Materials.Array.data[1]
      value: 
      objectReference: {fileID: 2100000, guid: 4fb34c4af8f50f14487f82373409b4f3, type: 2}
    m_RemovedComponents:
    - {fileID: 64441931496048942, guid: 7b2b4eda0a66df54e9274cb8fcc55f6d, type: 2}
  m_ParentPrefab: {fileID: 100100000, guid: 7b2b4eda0a66df54e9274cb8fcc55f6d, type: 2}
  m_IsPrefabParent: 0
--- !u!1 &282547418 stripped
GameObject:
  m_PrefabParentObject: {fileID: 1358692079368126, guid: 1e2dffae741e5a848aa7589ae311983c,
    type: 2}
  m_PrefabInternal: {fileID: 921458536}
--- !u!4 &282547419 stripped
Transform:
  m_PrefabParentObject: {fileID: 4674462042904594, guid: 1e2dffae741e5a848aa7589ae311983c,
    type: 2}
  m_PrefabInternal: {fileID: 921458536}
--- !u!65 &282547420
BoxCollider:
  m_ObjectHideFlags: 0
  m_PrefabParentObject: {fileID: 0}
  m_PrefabInternal: {fileID: 0}
  m_GameObject: {fileID: 282547418}
  m_Material: {fileID: 0}
  m_IsTrigger: 0
  m_Enabled: 1
  serializedVersion: 2
  m_Size: {x: 2, y: 2, z: 2}
  m_Center: {x: 0, y: 1, z: 0}
--- !u!1001 &342451639
Prefab:
  m_ObjectHideFlags: 0
  serializedVersion: 2
  m_Modification:
    m_TransformParent: {fileID: 0}
    m_Modifications:
    - target: {fileID: 4478157503968830, guid: 6e7857a49116c994883599182721ec35, type: 2}
      propertyPath: m_LocalPosition.x
      value: 19.29
      objectReference: {fileID: 0}
    - target: {fileID: 4478157503968830, guid: 6e7857a49116c994883599182721ec35, type: 2}
      propertyPath: m_LocalPosition.y
      value: 0.61
      objectReference: {fileID: 0}
    - target: {fileID: 4478157503968830, guid: 6e7857a49116c994883599182721ec35, type: 2}
      propertyPath: m_LocalPosition.z
      value: -14.89
      objectReference: {fileID: 0}
    - target: {fileID: 4478157503968830, guid: 6e7857a49116c994883599182721ec35, type: 2}
      propertyPath: m_LocalRotation.x
      value: 0
      objectReference: {fileID: 0}
    - target: {fileID: 4478157503968830, guid: 6e7857a49116c994883599182721ec35, type: 2}
      propertyPath: m_LocalRotation.y
      value: 0
      objectReference: {fileID: 0}
    - target: {fileID: 4478157503968830, guid: 6e7857a49116c994883599182721ec35, type: 2}
      propertyPath: m_LocalRotation.z
      value: 0
      objectReference: {fileID: 0}
    - target: {fileID: 4478157503968830, guid: 6e7857a49116c994883599182721ec35, type: 2}
      propertyPath: m_LocalRotation.w
      value: 1
      objectReference: {fileID: 0}
    - target: {fileID: 4478157503968830, guid: 6e7857a49116c994883599182721ec35, type: 2}
      propertyPath: m_RootOrder
      value: 10
      objectReference: {fileID: 0}
    - target: {fileID: 114686028928690826, guid: 6e7857a49116c994883599182721ec35,
        type: 2}
      propertyPath: target
      value: 
      objectReference: {fileID: 488563533}
    - target: {fileID: 1440021322913458, guid: 6e7857a49116c994883599182721ec35, type: 2}
      propertyPath: m_Name
      value: Enemy (3)
      objectReference: {fileID: 0}
    m_RemovedComponents: []
  m_ParentPrefab: {fileID: 100100000, guid: 6e7857a49116c994883599182721ec35, type: 2}
  m_IsPrefabParent: 0
--- !u!1001 &482185329
Prefab:
  m_ObjectHideFlags: 0
  serializedVersion: 2
  m_Modification:
    m_TransformParent: {fileID: 0}
    m_Modifications:
    - target: {fileID: 4478157503968830, guid: 6e7857a49116c994883599182721ec35, type: 2}
      propertyPath: m_LocalPosition.x
      value: 18.23
      objectReference: {fileID: 0}
    - target: {fileID: 4478157503968830, guid: 6e7857a49116c994883599182721ec35, type: 2}
      propertyPath: m_LocalPosition.y
      value: 0.61
      objectReference: {fileID: 0}
    - target: {fileID: 4478157503968830, guid: 6e7857a49116c994883599182721ec35, type: 2}
      propertyPath: m_LocalPosition.z
      value: -6.84
      objectReference: {fileID: 0}
    - target: {fileID: 4478157503968830, guid: 6e7857a49116c994883599182721ec35, type: 2}
      propertyPath: m_LocalRotation.x
      value: 0
      objectReference: {fileID: 0}
    - target: {fileID: 4478157503968830, guid: 6e7857a49116c994883599182721ec35, type: 2}
      propertyPath: m_LocalRotation.y
      value: 0
      objectReference: {fileID: 0}
    - target: {fileID: 4478157503968830, guid: 6e7857a49116c994883599182721ec35, type: 2}
      propertyPath: m_LocalRotation.z
      value: 0
      objectReference: {fileID: 0}
    - target: {fileID: 4478157503968830, guid: 6e7857a49116c994883599182721ec35, type: 2}
      propertyPath: m_LocalRotation.w
      value: 1
      objectReference: {fileID: 0}
    - target: {fileID: 4478157503968830, guid: 6e7857a49116c994883599182721ec35, type: 2}
      propertyPath: m_RootOrder
      value: 3
      objectReference: {fileID: 0}
    - target: {fileID: 114686028928690826, guid: 6e7857a49116c994883599182721ec35,
        type: 2}
      propertyPath: target
      value: 
      objectReference: {fileID: 488563533}
    m_RemovedComponents: []
  m_ParentPrefab: {fileID: 100100000, guid: 6e7857a49116c994883599182721ec35, type: 2}
  m_IsPrefabParent: 0
--- !u!1 &488563529 stripped
GameObject:
  m_PrefabParentObject: {fileID: 1561744891105144, guid: 7b2b4eda0a66df54e9274cb8fcc55f6d,
    type: 2}
  m_PrefabInternal: {fileID: 257018248}
--- !u!4 &488563533 stripped
Transform:
  m_PrefabParentObject: {fileID: 4266947239747300, guid: 7b2b4eda0a66df54e9274cb8fcc55f6d,
    type: 2}
  m_PrefabInternal: {fileID: 257018248}
--- !u!54 &488563536 stripped
Rigidbody:
  m_PrefabParentObject: {fileID: 54179468906408976, guid: 7b2b4eda0a66df54e9274cb8fcc55f6d,
    type: 2}
  m_PrefabInternal: {fileID: 257018248}
--- !u!65 &488563537
BoxCollider:
  m_ObjectHideFlags: 0
  m_PrefabParentObject: {fileID: 0}
  m_PrefabInternal: {fileID: 0}
  m_GameObject: {fileID: 488563529}
  m_Material: {fileID: 0}
  m_IsTrigger: 0
  m_Enabled: 1
  serializedVersion: 2
  m_Size: {x: 1.02, y: 0.313297, z: 1.2}
  m_Center: {x: 0, y: 0.2193075, z: -0.0041655004}
--- !u!114 &488563540
MonoBehaviour:
  m_ObjectHideFlags: 0
  m_PrefabParentObject: {fileID: 0}
  m_PrefabInternal: {fileID: 0}
  m_GameObject: {fileID: 488563529}
  m_Enabled: 1
  m_EditorHideFlags: 0
  m_Script: {fileID: 11500000, guid: 19d21e74552fb9142a5bede850743f02, type: 3}
  m_Name: 
  m_EditorClassIdentifier: 
--- !u!114 &488563541
MonoBehaviour:
  m_ObjectHideFlags: 0
  m_PrefabParentObject: {fileID: 0}
  m_PrefabInternal: {fileID: 0}
  m_GameObject: {fileID: 488563529}
  m_Enabled: 1
  m_EditorHideFlags: 0
  m_Script: {fileID: 11500000, guid: 1a8380a9ae7799d40898c424633c0197, type: 3}
  m_Name: 
  m_EditorClassIdentifier: 
  BlinkTime: 0.1
--- !u!1001 &494843118
Prefab:
  m_ObjectHideFlags: 0
  serializedVersion: 2
  m_Modification:
    m_TransformParent: {fileID: 0}
    m_Modifications:
    - target: {fileID: 224406207440241762, guid: 990a9aa212080c248891b9ee65827676,
        type: 2}
      propertyPath: m_LocalPosition.x
      value: 0
      objectReference: {fileID: 0}
    - target: {fileID: 224406207440241762, guid: 990a9aa212080c248891b9ee65827676,
        type: 2}
      propertyPath: m_LocalPosition.y
      value: 0
      objectReference: {fileID: 0}
    - target: {fileID: 224406207440241762, guid: 990a9aa212080c248891b9ee65827676,
        type: 2}
      propertyPath: m_LocalPosition.z
      value: 0
      objectReference: {fileID: 0}
    - target: {fileID: 224406207440241762, guid: 990a9aa212080c248891b9ee65827676,
        type: 2}
      propertyPath: m_LocalRotation.x
      value: 0
      objectReference: {fileID: 0}
    - target: {fileID: 224406207440241762, guid: 990a9aa212080c248891b9ee65827676,
        type: 2}
      propertyPath: m_LocalRotation.y
      value: 0
      objectReference: {fileID: 0}
    - target: {fileID: 224406207440241762, guid: 990a9aa212080c248891b9ee65827676,
        type: 2}
      propertyPath: m_LocalRotation.z
      value: 0
      objectReference: {fileID: 0}
    - target: {fileID: 224406207440241762, guid: 990a9aa212080c248891b9ee65827676,
        type: 2}
      propertyPath: m_LocalRotation.w
      value: 1
      objectReference: {fileID: 0}
    - target: {fileID: 224406207440241762, guid: 990a9aa212080c248891b9ee65827676,
        type: 2}
      propertyPath: m_RootOrder
      value: 7
      objectReference: {fileID: 0}
    - target: {fileID: 224406207440241762, guid: 990a9aa212080c248891b9ee65827676,
        type: 2}
      propertyPath: m_AnchoredPosition.x
      value: 0
      objectReference: {fileID: 0}
    - target: {fileID: 224406207440241762, guid: 990a9aa212080c248891b9ee65827676,
        type: 2}
      propertyPath: m_AnchoredPosition.y
      value: 0
      objectReference: {fileID: 0}
    - target: {fileID: 224406207440241762, guid: 990a9aa212080c248891b9ee65827676,
        type: 2}
      propertyPath: m_SizeDelta.x
      value: 0
      objectReference: {fileID: 0}
    - target: {fileID: 224406207440241762, guid: 990a9aa212080c248891b9ee65827676,
        type: 2}
      propertyPath: m_SizeDelta.y
      value: 0
      objectReference: {fileID: 0}
    - target: {fileID: 224406207440241762, guid: 990a9aa212080c248891b9ee65827676,
        type: 2}
      propertyPath: m_AnchorMin.x
      value: 0
      objectReference: {fileID: 0}
    - target: {fileID: 224406207440241762, guid: 990a9aa212080c248891b9ee65827676,
        type: 2}
      propertyPath: m_AnchorMin.y
      value: 0
      objectReference: {fileID: 0}
    - target: {fileID: 224406207440241762, guid: 990a9aa212080c248891b9ee65827676,
        type: 2}
      propertyPath: m_AnchorMax.x
      value: 0
      objectReference: {fileID: 0}
    - target: {fileID: 224406207440241762, guid: 990a9aa212080c248891b9ee65827676,
        type: 2}
      propertyPath: m_AnchorMax.y
      value: 0
      objectReference: {fileID: 0}
    - target: {fileID: 224406207440241762, guid: 990a9aa212080c248891b9ee65827676,
        type: 2}
      propertyPath: m_Pivot.x
      value: 0
      objectReference: {fileID: 0}
    - target: {fileID: 224406207440241762, guid: 990a9aa212080c248891b9ee65827676,
        type: 2}
      propertyPath: m_Pivot.y
      value: 0
      objectReference: {fileID: 0}
    m_RemovedComponents: []
  m_ParentPrefab: {fileID: 100100000, guid: 990a9aa212080c248891b9ee65827676, type: 2}
  m_IsPrefabParent: 0
--- !u!1001 &525337859
Prefab:
  m_ObjectHideFlags: 0
  serializedVersion: 2
  m_Modification:
    m_TransformParent: {fileID: 0}
    m_Modifications:
    - target: {fileID: 4478157503968830, guid: 6e7857a49116c994883599182721ec35, type: 2}
      propertyPath: m_LocalPosition.x
      value: 4.37
      objectReference: {fileID: 0}
    - target: {fileID: 4478157503968830, guid: 6e7857a49116c994883599182721ec35, type: 2}
      propertyPath: m_LocalPosition.y
      value: 0.61
      objectReference: {fileID: 0}
    - target: {fileID: 4478157503968830, guid: 6e7857a49116c994883599182721ec35, type: 2}
      propertyPath: m_LocalPosition.z
      value: -12.64
      objectReference: {fileID: 0}
    - target: {fileID: 4478157503968830, guid: 6e7857a49116c994883599182721ec35, type: 2}
      propertyPath: m_LocalRotation.x
      value: 0
      objectReference: {fileID: 0}
    - target: {fileID: 4478157503968830, guid: 6e7857a49116c994883599182721ec35, type: 2}
      propertyPath: m_LocalRotation.y
      value: 0
      objectReference: {fileID: 0}
    - target: {fileID: 4478157503968830, guid: 6e7857a49116c994883599182721ec35, type: 2}
      propertyPath: m_LocalRotation.z
      value: 0
      objectReference: {fileID: 0}
    - target: {fileID: 4478157503968830, guid: 6e7857a49116c994883599182721ec35, type: 2}
      propertyPath: m_LocalRotation.w
      value: 1
      objectReference: {fileID: 0}
    - target: {fileID: 4478157503968830, guid: 6e7857a49116c994883599182721ec35, type: 2}
      propertyPath: m_RootOrder
      value: 8
      objectReference: {fileID: 0}
    - target: {fileID: 114686028928690826, guid: 6e7857a49116c994883599182721ec35,
        type: 2}
      propertyPath: target
      value: 
      objectReference: {fileID: 488563533}
    - target: {fileID: 1440021322913458, guid: 6e7857a49116c994883599182721ec35, type: 2}
      propertyPath: m_Name
      value: Enemy (1)
      objectReference: {fileID: 0}
    m_RemovedComponents: []
  m_ParentPrefab: {fileID: 100100000, guid: 6e7857a49116c994883599182721ec35, type: 2}
  m_IsPrefabParent: 0
--- !u!1001 &787545412
Prefab:
  m_ObjectHideFlags: 0
  serializedVersion: 2
  m_Modification:
    m_TransformParent: {fileID: 0}
    m_Modifications:
    - target: {fileID: 4478157503968830, guid: 6e7857a49116c994883599182721ec35, type: 2}
      propertyPath: m_LocalPosition.x
      value: 14.64
      objectReference: {fileID: 0}
    - target: {fileID: 4478157503968830, guid: 6e7857a49116c994883599182721ec35, type: 2}
      propertyPath: m_LocalPosition.y
      value: 0.61
      objectReference: {fileID: 0}
    - target: {fileID: 4478157503968830, guid: 6e7857a49116c994883599182721ec35, type: 2}
      propertyPath: m_LocalPosition.z
      value: 5.61
      objectReference: {fileID: 0}
    - target: {fileID: 4478157503968830, guid: 6e7857a49116c994883599182721ec35, type: 2}
      propertyPath: m_LocalRotation.x
      value: 0
      objectReference: {fileID: 0}
    - target: {fileID: 4478157503968830, guid: 6e7857a49116c994883599182721ec35, type: 2}
      propertyPath: m_LocalRotation.y
      value: 0
      objectReference: {fileID: 0}
    - target: {fileID: 4478157503968830, guid: 6e7857a49116c994883599182721ec35, type: 2}
      propertyPath: m_LocalRotation.z
      value: 0
      objectReference: {fileID: 0}
    - target: {fileID: 4478157503968830, guid: 6e7857a49116c994883599182721ec35, type: 2}
      propertyPath: m_LocalRotation.w
      value: 1
      objectReference: {fileID: 0}
    - target: {fileID: 4478157503968830, guid: 6e7857a49116c994883599182721ec35, type: 2}
      propertyPath: m_RootOrder
      value: 13
      objectReference: {fileID: 0}
    - target: {fileID: 114686028928690826, guid: 6e7857a49116c994883599182721ec35,
        type: 2}
      propertyPath: target
      value: 
      objectReference: {fileID: 488563533}
    - target: {fileID: 1440021322913458, guid: 6e7857a49116c994883599182721ec35, type: 2}
      propertyPath: m_Name
      value: Enemy (6)
      objectReference: {fileID: 0}
    m_RemovedComponents: []
  m_ParentPrefab: {fileID: 100100000, guid: 6e7857a49116c994883599182721ec35, type: 2}
  m_IsPrefabParent: 0
--- !u!1 &905634854
GameObject:
  m_ObjectHideFlags: 0
  m_PrefabParentObject: {fileID: 0}
  m_PrefabInternal: {fileID: 0}
  serializedVersion: 5
  m_Component:
  - component: {fileID: 905634855}
  - component: {fileID: 905634856}
  m_Layer: 0
  m_Name: GameManager
  m_TagString: Untagged
  m_Icon: {fileID: 0}
  m_NavMeshLayer: 0
  m_StaticEditorFlags: 0
  m_IsActive: 1
--- !u!4 &905634855
Transform:
  m_ObjectHideFlags: 0
  m_PrefabParentObject: {fileID: 0}
  m_PrefabInternal: {fileID: 0}
  m_GameObject: {fileID: 905634854}
  m_LocalRotation: {x: 0, y: 0, z: 0, w: 1}
  m_LocalPosition: {x: 0.17602539, y: 0.29638672, z: 0.20910645}
  m_LocalScale: {x: 1, y: 1, z: 1}
  m_Children: []
  m_Father: {fileID: 0}
  m_RootOrder: 5
  m_LocalEulerAnglesHint: {x: 0, y: 0, z: 0}
--- !u!114 &905634856
MonoBehaviour:
  m_ObjectHideFlags: 0
  m_PrefabParentObject: {fileID: 0}
  m_PrefabInternal: {fileID: 0}
  m_GameObject: {fileID: 905634854}
  m_Enabled: 1
  m_EditorHideFlags: 0
  m_Script: {fileID: 11500000, guid: 7f4770c539edcc344b9bfd47998b8a86, type: 3}
  m_Name: 
  m_EditorClassIdentifier: 
--- !u!1001 &921458536
Prefab:
  m_ObjectHideFlags: 0
  serializedVersion: 2
  m_Modification:
    m_TransformParent: {fileID: 1300548887}
    m_Modifications:
    - target: {fileID: 4674462042904594, guid: 1e2dffae741e5a848aa7589ae311983c, type: 2}
      propertyPath: m_LocalPosition.x
      value: -8
      objectReference: {fileID: 0}
    - target: {fileID: 4674462042904594, guid: 1e2dffae741e5a848aa7589ae311983c, type: 2}
      propertyPath: m_LocalPosition.y
      value: 0
      objectReference: {fileID: 0}
    - target: {fileID: 4674462042904594, guid: 1e2dffae741e5a848aa7589ae311983c, type: 2}
      propertyPath: m_LocalPosition.z
      value: 0
      objectReference: {fileID: 0}
    - target: {fileID: 4674462042904594, guid: 1e2dffae741e5a848aa7589ae311983c, type: 2}
      propertyPath: m_LocalRotation.x
      value: -0
      objectReference: {fileID: 0}
    - target: {fileID: 4674462042904594, guid: 1e2dffae741e5a848aa7589ae311983c, type: 2}
      propertyPath: m_LocalRotation.y
      value: -0
      objectReference: {fileID: 0}
    - target: {fileID: 4674462042904594, guid: 1e2dffae741e5a848aa7589ae311983c, type: 2}
      propertyPath: m_LocalRotation.z
      value: -0
      objectReference: {fileID: 0}
    - target: {fileID: 4674462042904594, guid: 1e2dffae741e5a848aa7589ae311983c, type: 2}
      propertyPath: m_LocalRotation.w
      value: 1
      objectReference: {fileID: 0}
    - target: {fileID: 4674462042904594, guid: 1e2dffae741e5a848aa7589ae311983c, type: 2}
      propertyPath: m_RootOrder
      value: 1
      objectReference: {fileID: 0}
    - target: {fileID: 4674462042904594, guid: 1e2dffae741e5a848aa7589ae311983c, type: 2}
      propertyPath: m_LocalScale.x
      value: 1
      objectReference: {fileID: 0}
    - target: {fileID: 4674462042904594, guid: 1e2dffae741e5a848aa7589ae311983c, type: 2}
      propertyPath: m_LocalScale.y
      value: 1
      objectReference: {fileID: 0}
    - target: {fileID: 4674462042904594, guid: 1e2dffae741e5a848aa7589ae311983c, type: 2}
      propertyPath: m_LocalScale.z
      value: 1
      objectReference: {fileID: 0}
    - target: {fileID: 23353930641592704, guid: 1e2dffae741e5a848aa7589ae311983c,
        type: 2}
      propertyPath: m_Materials.Array.data[0]
      value: 
      objectReference: {fileID: 2100000, guid: d47c41e138d51f2488f13069b33d7b95, type: 2}
    - target: {fileID: 1358692079368126, guid: 1e2dffae741e5a848aa7589ae311983c, type: 2}
      propertyPath: m_TagString
      value: Obstacle
      objectReference: {fileID: 0}
    - target: {fileID: 1358692079368126, guid: 1e2dffae741e5a848aa7589ae311983c, type: 2}
      propertyPath: m_Name
      value: Wall (4)
      objectReference: {fileID: 0}
    m_RemovedComponents:
    - {fileID: 65431308268999482, guid: 1e2dffae741e5a848aa7589ae311983c, type: 2}
  m_ParentPrefab: {fileID: 100100000, guid: 1e2dffae741e5a848aa7589ae311983c, type: 2}
  m_IsPrefabParent: 0
--- !u!1001 &1032393412
Prefab:
  m_ObjectHideFlags: 0
  serializedVersion: 2
  m_Modification:
    m_TransformParent: {fileID: 0}
    m_Modifications:
    - target: {fileID: 4403265221240868, guid: 90f5d9013a6ae4b42b66bfcfd2a2381b, type: 2}
      propertyPath: m_LocalPosition.x
      value: 0
      objectReference: {fileID: 0}
    - target: {fileID: 4403265221240868, guid: 90f5d9013a6ae4b42b66bfcfd2a2381b, type: 2}
      propertyPath: m_LocalPosition.y
      value: 25.9
      objectReference: {fileID: 0}
    - target: {fileID: 4403265221240868, guid: 90f5d9013a6ae4b42b66bfcfd2a2381b, type: 2}
      propertyPath: m_LocalPosition.z
      value: -14.77
      objectReference: {fileID: 0}
    - target: {fileID: 4403265221240868, guid: 90f5d9013a6ae4b42b66bfcfd2a2381b, type: 2}
      propertyPath: m_LocalRotation.x
      value: 0.49999943
      objectReference: {fileID: 0}
    - target: {fileID: 4403265221240868, guid: 90f5d9013a6ae4b42b66bfcfd2a2381b, type: 2}
      propertyPath: m_LocalRotation.y
      value: -0
      objectReference: {fileID: 0}
    - target: {fileID: 4403265221240868, guid: 90f5d9013a6ae4b42b66bfcfd2a2381b, type: 2}
      propertyPath: m_LocalRotation.z
      value: -0
      objectReference: {fileID: 0}
    - target: {fileID: 4403265221240868, guid: 90f5d9013a6ae4b42b66bfcfd2a2381b, type: 2}
      propertyPath: m_LocalRotation.w
      value: 0.8660258
      objectReference: {fileID: 0}
    - target: {fileID: 4403265221240868, guid: 90f5d9013a6ae4b42b66bfcfd2a2381b, type: 2}
      propertyPath: m_RootOrder
      value: 0
      objectReference: {fileID: 0}
    - target: {fileID: 114887923793994066, guid: 90f5d9013a6ae4b42b66bfcfd2a2381b,
        type: 2}
      propertyPath: target
      value: 
      objectReference: {fileID: 488563533}
    m_RemovedComponents: []
  m_ParentPrefab: {fileID: 100100000, guid: 90f5d9013a6ae4b42b66bfcfd2a2381b, type: 2}
  m_IsPrefabParent: 0
--- !u!1001 &1037742243
Prefab:
  m_ObjectHideFlags: 0
  serializedVersion: 2
  m_Modification:
    m_TransformParent: {fileID: 0}
    m_Modifications:
    - target: {fileID: 4478157503968830, guid: 6e7857a49116c994883599182721ec35, type: 2}
      propertyPath: m_LocalPosition.x
      value: 12.17
      objectReference: {fileID: 0}
    - target: {fileID: 4478157503968830, guid: 6e7857a49116c994883599182721ec35, type: 2}
      propertyPath: m_LocalPosition.y
      value: 0.61
      objectReference: {fileID: 0}
    - target: {fileID: 4478157503968830, guid: 6e7857a49116c994883599182721ec35, type: 2}
      propertyPath: m_LocalPosition.z
      value: -15.78
      objectReference: {fileID: 0}
    - target: {fileID: 4478157503968830, guid: 6e7857a49116c994883599182721ec35, type: 2}
      propertyPath: m_LocalRotation.x
      value: 0
      objectReference: {fileID: 0}
    - target: {fileID: 4478157503968830, guid: 6e7857a49116c994883599182721ec35, type: 2}
      propertyPath: m_LocalRotation.y
      value: 0
      objectReference: {fileID: 0}
    - target: {fileID: 4478157503968830, guid: 6e7857a49116c994883599182721ec35, type: 2}
      propertyPath: m_LocalRotation.z
      value: 0
      objectReference: {fileID: 0}
    - target: {fileID: 4478157503968830, guid: 6e7857a49116c994883599182721ec35, type: 2}
      propertyPath: m_LocalRotation.w
      value: 1
      objectReference: {fileID: 0}
    - target: {fileID: 4478157503968830, guid: 6e7857a49116c994883599182721ec35, type: 2}
      propertyPath: m_RootOrder
      value: 9
      objectReference: {fileID: 0}
    - target: {fileID: 114686028928690826, guid: 6e7857a49116c994883599182721ec35,
        type: 2}
      propertyPath: target
      value: 
      objectReference: {fileID: 488563533}
    - target: {fileID: 1440021322913458, guid: 6e7857a49116c994883599182721ec35, type: 2}
      propertyPath: m_Name
      value: Enemy (2)
      objectReference: {fileID: 0}
    m_RemovedComponents: []
  m_ParentPrefab: {fileID: 100100000, guid: 6e7857a49116c994883599182721ec35, type: 2}
  m_IsPrefabParent: 0
--- !u!1 &1062104227 stripped
GameObject:
  m_PrefabParentObject: {fileID: 1358692079368126, guid: 1e2dffae741e5a848aa7589ae311983c,
    type: 2}
  m_PrefabInternal: {fileID: 1197907340}
--- !u!4 &1062104228 stripped
Transform:
  m_PrefabParentObject: {fileID: 4674462042904594, guid: 1e2dffae741e5a848aa7589ae311983c,
    type: 2}
  m_PrefabInternal: {fileID: 1197907340}
--- !u!65 &1062104229
BoxCollider:
  m_ObjectHideFlags: 0
  m_PrefabParentObject: {fileID: 0}
  m_PrefabInternal: {fileID: 0}
  m_GameObject: {fileID: 1062104227}
  m_Material: {fileID: 0}
  m_IsTrigger: 0
  m_Enabled: 1
  serializedVersion: 2
  m_Size: {x: 2, y: 2, z: 2}
  m_Center: {x: 0, y: 1, z: 0}
--- !u!1001 &1160796522
Prefab:
  m_ObjectHideFlags: 0
  serializedVersion: 2
  m_Modification:
    m_TransformParent: {fileID: 1300548887}
    m_Modifications:
    - target: {fileID: 4674462042904594, guid: 1e2dffae741e5a848aa7589ae311983c, type: 2}
      propertyPath: m_LocalPosition.x
      value: -8
      objectReference: {fileID: 0}
    - target: {fileID: 4674462042904594, guid: 1e2dffae741e5a848aa7589ae311983c, type: 2}
      propertyPath: m_LocalPosition.y
      value: 0
      objectReference: {fileID: 0}
    - target: {fileID: 4674462042904594, guid: 1e2dffae741e5a848aa7589ae311983c, type: 2}
      propertyPath: m_LocalPosition.z
      value: 2
      objectReference: {fileID: 0}
    - target: {fileID: 4674462042904594, guid: 1e2dffae741e5a848aa7589ae311983c, type: 2}
      propertyPath: m_LocalRotation.x
      value: -0
      objectReference: {fileID: 0}
    - target: {fileID: 4674462042904594, guid: 1e2dffae741e5a848aa7589ae311983c, type: 2}
      propertyPath: m_LocalRotation.y
      value: -0
      objectReference: {fileID: 0}
    - target: {fileID: 4674462042904594, guid: 1e2dffae741e5a848aa7589ae311983c, type: 2}
      propertyPath: m_LocalRotation.z
      value: -0
      objectReference: {fileID: 0}
    - target: {fileID: 4674462042904594, guid: 1e2dffae741e5a848aa7589ae311983c, type: 2}
      propertyPath: m_LocalRotation.w
      value: 1
      objectReference: {fileID: 0}
    - target: {fileID: 4674462042904594, guid: 1e2dffae741e5a848aa7589ae311983c, type: 2}
      propertyPath: m_RootOrder
      value: 2
      objectReference: {fileID: 0}
    - target: {fileID: 4674462042904594, guid: 1e2dffae741e5a848aa7589ae311983c, type: 2}
      propertyPath: m_LocalScale.x
      value: 1
      objectReference: {fileID: 0}
    - target: {fileID: 4674462042904594, guid: 1e2dffae741e5a848aa7589ae311983c, type: 2}
      propertyPath: m_LocalScale.y
      value: 1
      objectReference: {fileID: 0}
    - target: {fileID: 4674462042904594, guid: 1e2dffae741e5a848aa7589ae311983c, type: 2}
      propertyPath: m_LocalScale.z
      value: 1
      objectReference: {fileID: 0}
    - target: {fileID: 23353930641592704, guid: 1e2dffae741e5a848aa7589ae311983c,
        type: 2}
      propertyPath: m_Materials.Array.data[0]
      value: 
      objectReference: {fileID: 2100000, guid: d47c41e138d51f2488f13069b33d7b95, type: 2}
    - target: {fileID: 1358692079368126, guid: 1e2dffae741e5a848aa7589ae311983c, type: 2}
      propertyPath: m_TagString
      value: Obstacle
      objectReference: {fileID: 0}
    - target: {fileID: 1358692079368126, guid: 1e2dffae741e5a848aa7589ae311983c, type: 2}
      propertyPath: m_Name
      value: Wall (5)
      objectReference: {fileID: 0}
    m_RemovedComponents:
    - {fileID: 65431308268999482, guid: 1e2dffae741e5a848aa7589ae311983c, type: 2}
  m_ParentPrefab: {fileID: 100100000, guid: 1e2dffae741e5a848aa7589ae311983c, type: 2}
  m_IsPrefabParent: 0
--- !u!1001 &1197907340
Prefab:
  m_ObjectHideFlags: 0
  serializedVersion: 2
  m_Modification:
    m_TransformParent: {fileID: 1300548887}
    m_Modifications:
    - target: {fileID: 4674462042904594, guid: 1e2dffae741e5a848aa7589ae311983c, type: 2}
      propertyPath: m_LocalPosition.x
      value: -6
      objectReference: {fileID: 0}
    - target: {fileID: 4674462042904594, guid: 1e2dffae741e5a848aa7589ae311983c, type: 2}
      propertyPath: m_LocalPosition.y
      value: 0
      objectReference: {fileID: 0}
    - target: {fileID: 4674462042904594, guid: 1e2dffae741e5a848aa7589ae311983c, type: 2}
      propertyPath: m_LocalPosition.z
      value: 0
      objectReference: {fileID: 0}
    - target: {fileID: 4674462042904594, guid: 1e2dffae741e5a848aa7589ae311983c, type: 2}
      propertyPath: m_LocalRotation.x
      value: -0
      objectReference: {fileID: 0}
    - target: {fileID: 4674462042904594, guid: 1e2dffae741e5a848aa7589ae311983c, type: 2}
      propertyPath: m_LocalRotation.y
      value: -0
      objectReference: {fileID: 0}
    - target: {fileID: 4674462042904594, guid: 1e2dffae741e5a848aa7589ae311983c, type: 2}
      propertyPath: m_LocalRotation.z
      value: -0
      objectReference: {fileID: 0}
    - target: {fileID: 4674462042904594, guid: 1e2dffae741e5a848aa7589ae311983c, type: 2}
      propertyPath: m_LocalRotation.w
      value: 1
      objectReference: {fileID: 0}
    - target: {fileID: 4674462042904594, guid: 1e2dffae741e5a848aa7589ae311983c, type: 2}
      propertyPath: m_RootOrder
      value: 4
      objectReference: {fileID: 0}
    - target: {fileID: 4674462042904594, guid: 1e2dffae741e5a848aa7589ae311983c, type: 2}
      propertyPath: m_LocalScale.x
      value: 1
      objectReference: {fileID: 0}
    - target: {fileID: 4674462042904594, guid: 1e2dffae741e5a848aa7589ae311983c, type: 2}
      propertyPath: m_LocalScale.y
      value: 1
      objectReference: {fileID: 0}
    - target: {fileID: 4674462042904594, guid: 1e2dffae741e5a848aa7589ae311983c, type: 2}
      propertyPath: m_LocalScale.z
      value: 1
      objectReference: {fileID: 0}
    - target: {fileID: 23353930641592704, guid: 1e2dffae741e5a848aa7589ae311983c,
        type: 2}
      propertyPath: m_Materials.Array.data[0]
      value: 
      objectReference: {fileID: 2100000, guid: d47c41e138d51f2488f13069b33d7b95, type: 2}
    - target: {fileID: 1358692079368126, guid: 1e2dffae741e5a848aa7589ae311983c, type: 2}
      propertyPath: m_TagString
      value: Obstacle
      objectReference: {fileID: 0}
    - target: {fileID: 1358692079368126, guid: 1e2dffae741e5a848aa7589ae311983c, type: 2}
      propertyPath: m_Name
      value: Wall (7)
      objectReference: {fileID: 0}
    m_RemovedComponents:
    - {fileID: 65431308268999482, guid: 1e2dffae741e5a848aa7589ae311983c, type: 2}
  m_ParentPrefab: {fileID: 100100000, guid: 1e2dffae741e5a848aa7589ae311983c, type: 2}
  m_IsPrefabParent: 0
--- !u!1001 &1219112995
Prefab:
  m_ObjectHideFlags: 0
  serializedVersion: 2
  m_Modification:
    m_TransformParent: {fileID: 0}
    m_Modifications:
    - target: {fileID: 4207263551093398, guid: c30f9cef62e1244489e762d53794dd31, type: 2}
      propertyPath: m_LocalPosition.x
      value: -7.93
      objectReference: {fileID: 0}
    - target: {fileID: 4207263551093398, guid: c30f9cef62e1244489e762d53794dd31, type: 2}
      propertyPath: m_LocalPosition.y
      value: 0
      objectReference: {fileID: 0}
    - target: {fileID: 4207263551093398, guid: c30f9cef62e1244489e762d53794dd31, type: 2}
      propertyPath: m_LocalPosition.z
      value: 8.41
      objectReference: {fileID: 0}
    - target: {fileID: 4207263551093398, guid: c30f9cef62e1244489e762d53794dd31, type: 2}
      propertyPath: m_LocalRotation.x
      value: -0
      objectReference: {fileID: 0}
    - target: {fileID: 4207263551093398, guid: c30f9cef62e1244489e762d53794dd31, type: 2}
      propertyPath: m_LocalRotation.y
      value: -0
      objectReference: {fileID: 0}
    - target: {fileID: 4207263551093398, guid: c30f9cef62e1244489e762d53794dd31, type: 2}
      propertyPath: m_LocalRotation.z
      value: -0
      objectReference: {fileID: 0}
    - target: {fileID: 4207263551093398, guid: c30f9cef62e1244489e762d53794dd31, type: 2}
      propertyPath: m_LocalRotation.w
      value: 1
      objectReference: {fileID: 0}
    - target: {fileID: 4207263551093398, guid: c30f9cef62e1244489e762d53794dd31, type: 2}
      propertyPath: m_RootOrder
      value: 14
      objectReference: {fileID: 0}
    m_RemovedComponents: []
  m_ParentPrefab: {fileID: 100100000, guid: c30f9cef62e1244489e762d53794dd31, type: 2}
  m_IsPrefabParent: 0
--- !u!1 &1287064635 stripped
GameObject:
  m_PrefabParentObject: {fileID: 1358692079368126, guid: 1e2dffae741e5a848aa7589ae311983c,
    type: 2}
  m_PrefabInternal: {fileID: 68774850}
--- !u!4 &1287064636 stripped
Transform:
  m_PrefabParentObject: {fileID: 4674462042904594, guid: 1e2dffae741e5a848aa7589ae311983c,
    type: 2}
  m_PrefabInternal: {fileID: 68774850}
--- !u!65 &1287064637
BoxCollider:
  m_ObjectHideFlags: 0
  m_PrefabParentObject: {fileID: 0}
  m_PrefabInternal: {fileID: 0}
  m_GameObject: {fileID: 1287064635}
  m_Material: {fileID: 0}
  m_IsTrigger: 0
  m_Enabled: 1
  serializedVersion: 2
  m_Size: {x: 2, y: 2, z: 2}
  m_Center: {x: 0, y: 1, z: 0}
--- !u!1001 &1295046503
Prefab:
  m_ObjectHideFlags: 0
  serializedVersion: 2
  m_Modification:
    m_TransformParent: {fileID: 1300548887}
    m_Modifications:
    - target: {fileID: 4700288435605990, guid: 1a4aa0a3f7b70dd419f8c8a85524a19e, type: 2}
      propertyPath: m_LocalPosition.x
      value: 0
      objectReference: {fileID: 0}
    - target: {fileID: 4700288435605990, guid: 1a4aa0a3f7b70dd419f8c8a85524a19e, type: 2}
      propertyPath: m_LocalPosition.y
      value: 0
      objectReference: {fileID: 0}
    - target: {fileID: 4700288435605990, guid: 1a4aa0a3f7b70dd419f8c8a85524a19e, type: 2}
      propertyPath: m_LocalPosition.z
      value: 0
      objectReference: {fileID: 0}
    - target: {fileID: 4700288435605990, guid: 1a4aa0a3f7b70dd419f8c8a85524a19e, type: 2}
      propertyPath: m_LocalRotation.x
      value: -0
      objectReference: {fileID: 0}
    - target: {fileID: 4700288435605990, guid: 1a4aa0a3f7b70dd419f8c8a85524a19e, type: 2}
      propertyPath: m_LocalRotation.y
      value: -0
      objectReference: {fileID: 0}
    - target: {fileID: 4700288435605990, guid: 1a4aa0a3f7b70dd419f8c8a85524a19e, type: 2}
      propertyPath: m_LocalRotation.z
      value: -0
      objectReference: {fileID: 0}
    - target: {fileID: 4700288435605990, guid: 1a4aa0a3f7b70dd419f8c8a85524a19e, type: 2}
      propertyPath: m_LocalRotation.w
      value: 1
      objectReference: {fileID: 0}
    - target: {fileID: 4700288435605990, guid: 1a4aa0a3f7b70dd419f8c8a85524a19e, type: 2}
      propertyPath: m_RootOrder
      value: 0
      objectReference: {fileID: 0}
    m_RemovedComponents: []
  m_ParentPrefab: {fileID: 100100000, guid: 1a4aa0a3f7b70dd419f8c8a85524a19e, type: 2}
  m_IsPrefabParent: 0
--- !u!1 &1300548886
GameObject:
  m_ObjectHideFlags: 0
  m_PrefabParentObject: {fileID: 0}
  m_PrefabInternal: {fileID: 0}
  serializedVersion: 5
  m_Component:
  - component: {fileID: 1300548887}
  m_Layer: 0
  m_Name: World
  m_TagString: Untagged
  m_Icon: {fileID: 0}
  m_NavMeshLayer: 0
  m_StaticEditorFlags: 0
  m_IsActive: 1
--- !u!4 &1300548887
Transform:
  m_ObjectHideFlags: 0
  m_PrefabParentObject: {fileID: 0}
  m_PrefabInternal: {fileID: 0}
  m_GameObject: {fileID: 1300548886}
  m_LocalRotation: {x: 0, y: 0, z: 0, w: 1}
  m_LocalPosition: {x: 0, y: 0, z: 0}
  m_LocalScale: {x: 1, y: 1, z: 1}
  m_Children:
  - {fileID: 133041295}
  - {fileID: 282547419}
  - {fileID: 62859541}
  - {fileID: 1287064636}
  - {fileID: 1062104228}
  m_Father: {fileID: 0}
  m_RootOrder: 4
  m_LocalEulerAnglesHint: {x: 0, y: 0, z: 0}
--- !u!1001 &1358284885
Prefab:
  m_ObjectHideFlags: 0
  serializedVersion: 2
  m_Modification:
    m_TransformParent: {fileID: 0}
    m_Modifications:
    - target: {fileID: 4478157503968830, guid: 6e7857a49116c994883599182721ec35, type: 2}
      propertyPath: m_LocalPosition.x
      value: -9.16
      objectReference: {fileID: 0}
    - target: {fileID: 4478157503968830, guid: 6e7857a49116c994883599182721ec35, type: 2}
      propertyPath: m_LocalPosition.y
      value: 0.61
      objectReference: {fileID: 0}
    - target: {fileID: 4478157503968830, guid: 6e7857a49116c994883599182721ec35, type: 2}
      propertyPath: m_LocalPosition.z
      value: -11.94
      objectReference: {fileID: 0}
    - target: {fileID: 4478157503968830, guid: 6e7857a49116c994883599182721ec35, type: 2}
      propertyPath: m_LocalRotation.x
      value: 0
      objectReference: {fileID: 0}
    - target: {fileID: 4478157503968830, guid: 6e7857a49116c994883599182721ec35, type: 2}
      propertyPath: m_LocalRotation.y
      value: 0
      objectReference: {fileID: 0}
    - target: {fileID: 4478157503968830, guid: 6e7857a49116c994883599182721ec35, type: 2}
      propertyPath: m_LocalRotation.z
      value: 0
      objectReference: {fileID: 0}
    - target: {fileID: 4478157503968830, guid: 6e7857a49116c994883599182721ec35, type: 2}
      propertyPath: m_LocalRotation.w
      value: 1
      objectReference: {fileID: 0}
    - target: {fileID: 4478157503968830, guid: 6e7857a49116c994883599182721ec35, type: 2}
      propertyPath: m_RootOrder
      value: 11
      objectReference: {fileID: 0}
    - target: {fileID: 114686028928690826, guid: 6e7857a49116c994883599182721ec35,
        type: 2}
      propertyPath: target
      value: 
      objectReference: {fileID: 488563533}
    - target: {fileID: 1440021322913458, guid: 6e7857a49116c994883599182721ec35, type: 2}
      propertyPath: m_Name
      value: Enemy (4)
      objectReference: {fileID: 0}
    m_RemovedComponents: []
  m_ParentPrefab: {fileID: 100100000, guid: 6e7857a49116c994883599182721ec35, type: 2}
  m_IsPrefabParent: 0
--- !u!1001 &1489493673
Prefab:
  m_ObjectHideFlags: 0
  serializedVersion: 2
  m_Modification:
    m_TransformParent: {fileID: 0}
    m_Modifications:
    - target: {fileID: 4207263551093398, guid: c30f9cef62e1244489e762d53794dd31, type: 2}
      propertyPath: m_LocalPosition.x
      value: 4.56
      objectReference: {fileID: 0}
    - target: {fileID: 4207263551093398, guid: c30f9cef62e1244489e762d53794dd31, type: 2}
      propertyPath: m_LocalPosition.y
      value: 0
      objectReference: {fileID: 0}
    - target: {fileID: 4207263551093398, guid: c30f9cef62e1244489e762d53794dd31, type: 2}
      propertyPath: m_LocalPosition.z
      value: 12.46
      objectReference: {fileID: 0}
    - target: {fileID: 4207263551093398, guid: c30f9cef62e1244489e762d53794dd31, type: 2}
      propertyPath: m_LocalRotation.x
      value: -0
      objectReference: {fileID: 0}
    - target: {fileID: 4207263551093398, guid: c30f9cef62e1244489e762d53794dd31, type: 2}
      propertyPath: m_LocalRotation.y
      value: -0
      objectReference: {fileID: 0}
    - target: {fileID: 4207263551093398, guid: c30f9cef62e1244489e762d53794dd31, type: 2}
      propertyPath: m_LocalRotation.z
      value: -0
      objectReference: {fileID: 0}
    - target: {fileID: 4207263551093398, guid: c30f9cef62e1244489e762d53794dd31, type: 2}
      propertyPath: m_LocalRotation.w
      value: 1
      objectReference: {fileID: 0}
    - target: {fileID: 4207263551093398, guid: c30f9cef62e1244489e762d53794dd31, type: 2}
      propertyPath: m_RootOrder
      value: 15
      objectReference: {fileID: 0}
    - target: {fileID: 1527553820862110, guid: c30f9cef62e1244489e762d53794dd31, type: 2}
      propertyPath: m_Name
      value: Spawn (1)
      objectReference: {fileID: 0}
    m_RemovedComponents: []
  m_ParentPrefab: {fileID: 100100000, guid: c30f9cef62e1244489e762d53794dd31, type: 2}
  m_IsPrefabParent: 0
--- !u!1001 &1647841793
Prefab:
  m_ObjectHideFlags: 0
  serializedVersion: 2
  m_Modification:
    m_TransformParent: {fileID: 0}
    m_Modifications:
    - target: {fileID: 4478157503968830, guid: 6e7857a49116c994883599182721ec35, type: 2}
      propertyPath: m_LocalPosition.x
      value: -6.21
      objectReference: {fileID: 0}
    - target: {fileID: 4478157503968830, guid: 6e7857a49116c994883599182721ec35, type: 2}
      propertyPath: m_LocalPosition.y
      value: 0.61
      objectReference: {fileID: 0}
    - target: {fileID: 4478157503968830, guid: 6e7857a49116c994883599182721ec35, type: 2}
      propertyPath: m_LocalPosition.z
      value: -18.88
      objectReference: {fileID: 0}
    - target: {fileID: 4478157503968830, guid: 6e7857a49116c994883599182721ec35, type: 2}
      propertyPath: m_LocalRotation.x
      value: 0
      objectReference: {fileID: 0}
    - target: {fileID: 4478157503968830, guid: 6e7857a49116c994883599182721ec35, type: 2}
      propertyPath: m_LocalRotation.y
      value: 0
      objectReference: {fileID: 0}
    - target: {fileID: 4478157503968830, guid: 6e7857a49116c994883599182721ec35, type: 2}
      propertyPath: m_LocalRotation.z
      value: 0
      objectReference: {fileID: 0}
    - target: {fileID: 4478157503968830, guid: 6e7857a49116c994883599182721ec35, type: 2}
      propertyPath: m_LocalRotation.w
      value: 1
      objectReference: {fileID: 0}
    - target: {fileID: 4478157503968830, guid: 6e7857a49116c994883599182721ec35, type: 2}
      propertyPath: m_RootOrder
      value: 12
      objectReference: {fileID: 0}
    - target: {fileID: 114686028928690826, guid: 6e7857a49116c994883599182721ec35,
        type: 2}
      propertyPath: target
      value: 
      objectReference: {fileID: 488563533}
    - target: {fileID: 1440021322913458, guid: 6e7857a49116c994883599182721ec35, type: 2}
      propertyPath: m_Name
      value: Enemy (5)
      objectReference: {fileID: 0}
    m_RemovedComponents: []
  m_ParentPrefab: {fileID: 100100000, guid: 6e7857a49116c994883599182721ec35, type: 2}
  m_IsPrefabParent: 0
--- !u!1 &1866455133
GameObject:
  m_ObjectHideFlags: 0
  m_PrefabParentObject: {fileID: 0}
  m_PrefabInternal: {fileID: 0}
  serializedVersion: 5
  m_Component:
  - component: {fileID: 1866455139}
  - component: {fileID: 1866455138}
  - component: {fileID: 1866455137}
  - component: {fileID: 1866455136}
  - component: {fileID: 1866455135}
  - component: {fileID: 1866455134}
  m_Layer: 0
  m_Name: LootBag
  m_TagString: Untagged
  m_Icon: {fileID: 0}
  m_NavMeshLayer: 0
  m_StaticEditorFlags: 0
  m_IsActive: 0
--- !u!59 &1866455134
HingeJoint:
  m_ObjectHideFlags: 0
  m_PrefabParentObject: {fileID: 0}
  m_PrefabInternal: {fileID: 0}
  m_GameObject: {fileID: 1866455133}
  m_ConnectedBody: {fileID: 488563536}
  m_Anchor: {x: 0, y: 0, z: 0.5}
  m_Axis: {x: 1, y: 0, z: 0}
  m_AutoConfigureConnectedAnchor: 0
  m_ConnectedAnchor: {x: 0, y: 0.17, z: -0.46}
  m_UseSpring: 0
  m_Spring:
    spring: 0
    damper: 0
    targetPosition: 0
  m_UseMotor: 0
  m_Motor:
    targetVelocity: 0
    force: 0
    freeSpin: 0
  m_UseLimits: 0
  m_Limits:
    min: 0
    max: 0
    bounciness: 0
    bounceMinVelocity: 0.2
    contactDistance: 0
  m_BreakForce: Infinity
  m_BreakTorque: Infinity
  m_EnableCollision: 0
  m_EnablePreprocessing: 1
--- !u!54 &1866455135
Rigidbody:
  m_ObjectHideFlags: 0
  m_PrefabParentObject: {fileID: 0}
  m_PrefabInternal: {fileID: 0}
  m_GameObject: {fileID: 1866455133}
  serializedVersion: 2
  m_Mass: 4.54
  m_Drag: 0.89
  m_AngularDrag: 0.05
  m_UseGravity: 0
  m_IsKinematic: 0
  m_Interpolate: 0
  m_Constraints: 0
  m_CollisionDetection: 0
--- !u!23 &1866455136
MeshRenderer:
  m_ObjectHideFlags: 0
  m_PrefabParentObject: {fileID: 0}
  m_PrefabInternal: {fileID: 0}
  m_GameObject: {fileID: 1866455133}
  m_Enabled: 1
  m_CastShadows: 1
  m_ReceiveShadows: 1
  m_MotionVectors: 1
  m_LightProbeUsage: 1
  m_ReflectionProbeUsage: 1
  m_Materials:
  - {fileID: 2100000, guid: 6c2b64aa953210f46b58a904e5a8d69a, type: 2}
  m_StaticBatchInfo:
    firstSubMesh: 0
    subMeshCount: 0
  m_StaticBatchRoot: {fileID: 0}
  m_ProbeAnchor: {fileID: 0}
  m_LightProbeVolumeOverride: {fileID: 0}
  m_ScaleInLightmap: 1
  m_PreserveUVs: 1
  m_IgnoreNormalsForChartDetection: 0
  m_ImportantGI: 0
  m_SelectedEditorRenderState: 3
  m_MinimumChartSize: 4
  m_AutoUVMaxDistance: 0.5
  m_AutoUVMaxAngle: 89
  m_LightmapParameters: {fileID: 0}
  m_SortingLayerID: 0
  m_SortingOrder: 0
--- !u!135 &1866455137
SphereCollider:
  m_ObjectHideFlags: 0
  m_PrefabParentObject: {fileID: 0}
  m_PrefabInternal: {fileID: 0}
  m_GameObject: {fileID: 1866455133}
  m_Material: {fileID: 0}
  m_IsTrigger: 0
  m_Enabled: 1
  serializedVersion: 2
  m_Radius: 0.5
  m_Center: {x: 0, y: 0, z: 0}
--- !u!33 &1866455138
MeshFilter:
  m_ObjectHideFlags: 0
  m_PrefabParentObject: {fileID: 0}
  m_PrefabInternal: {fileID: 0}
  m_GameObject: {fileID: 1866455133}
  m_Mesh: {fileID: 10207, guid: 0000000000000000e000000000000000, type: 0}
--- !u!4 &1866455139
Transform:
  m_ObjectHideFlags: 0
  m_PrefabParentObject: {fileID: 0}
  m_PrefabInternal: {fileID: 0}
  m_GameObject: {fileID: 1866455133}
  m_LocalRotation: {x: 0, y: 0, z: 0, w: 1}
  m_LocalPosition: {x: 0, y: 0.572, z: -1.798}
  m_LocalScale: {x: 1, y: 1, z: 1}
  m_Children: []
  m_Father: {fileID: 0}
  m_RootOrder: 6
  m_LocalEulerAnglesHint: {x: 0, y: 0, z: 0}
